 Dungeon Crawl Stone Soup version 0.28.0-53-g5a82cb258f (webtiles) character file.

Game seed: 12574675904377285730

78665 pkoi the Destroyer (level 14, -22/113 HPs)
             Began as a Demigod Conjurer on May 21, 2022.
             Shot with an arrow by a centaur warrior (31 damage)
             ... on level 14 of the Dungeon.
             The game lasted 01:09:15 (44367 turns).

pkoi the Destroyer (Demigod Conjurer)              Turns: 44367, Time: 01:09:16

Health: -22/113    AC: 13    Str:  8    XL:     14   Next: 78%
Magic:  28/39      EV: 15    Int: 36    God:
Gold:   1501       SH:  0    Dex: 12    Spells: 11/29 levels left

rFire   . . .      SeeInvis .   i - staff of conjuration
rCold   . . .      Faith    .   (no shield)
rNeg    . . .      Spirit   .   R - +1 steam dragon scales
rPois   +          Reflect  .   C - +1 helmet
rElec   .          Harm     .   P - +0 cloak {rPois}
rCorr   .          Rampage  .   J - +0 pair of gloves
Will    +....                   o - +0 pair of boots
Stlth   ++........              G - amulet of regeneration
HPRegen 1.08/turn               g - ring of magical power
MPRegen 0.26/turn               M - +4 ring of slaying

@: studying Armour
A: high MP 1, forlorn, divine attributes
a: no special abilities


You were on level 14 of the Dungeon.
You visited 2 branches of the dungeon, and saw 20 of its levels.
You also visited: Gauntlet.

You collected 1551 gold pieces.
You spent 50 gold pieces at shops.

Inventory:

Hand Weapons
 k - the +10 double sword of Slime {vorpal, rF++ Str+7}
   (You found it in a Gauntlet)

   It inflicts extra damage upon your enemies.
   Str:       It affects your strength (+7).
   rF:        It greatly protects you from fire.
 T - the +12 short sword "Fiozy" {pain, rElec rC+}
   (You took it off an orc on level 11 of the Dungeon)

   In the hands of one skilled in necromantic magic, it inflicts extra damage on
   living creatures.
   rC:        It protects you from cold.
   rElec:     It insulates you from electricity.
Missiles
 j - 27 poisoned darts
 t - 2 datura-tipped darts
 K - 3 boomerangs of dispersal
 O - 2 throwing nets
Armour
 o - a +0 pair of boots (worn)
 s - +0 acid dragon scales
 u - a +1 cloak of preservation
 C - a +1 helmet (worn)
 J - a +0 pair of gloves (worn)
 P - a +0 cloak of poison resistance (worn)
 R - +1 steam dragon scales (worn)
Magical Staves
 i - a staff of conjuration (weapon)
Jewellery
 g - a ring of magical power (left hand)
 p - a ring of ice
 v - a ring of willpower
 G - an amulet of regeneration (around neck)
 H - a ring of positive energy
 M - a +4 ring of slaying (right hand)
Wands
 e - a wand of charming (15)
 m - a wand of iceblast (13)
 r - a wand of flame (12)
 y - a wand of acid (9)
 A - a wand of mindburst (8)
 Q - a wand of paralysis (19)
Scrolls
 a - 2 scrolls of enchant weapon
 l - 7 scrolls of teleportation
 z - a scroll of fog
 D - 3 scrolls of fear
 F - a scroll of blinking
 I - 4 scrolls of enchant armour
 L - a scroll of magic mapping
 N - 4 scrolls of identify
Potions
 b - 3 potions of invisibility
 c - 3 potions of brilliance
 d - 2 potions of might
 f - 7 potions of heal wounds
 h - 6 potions of lignification
 n - 4 potions of ambrosia
 q - a potion of cancellation
 w - 11 potions of curing
 x - 2 potions of resistance
 B - a potion of haste
 E - 3 potions of flight


   Skills:
 + Level 7.3 Fighting
 * Level 9.2 Long Blades
 - Level 6.0 Armour
 - Level 9.0 Dodging
 - Level 3.0 Stealth
 + Level 8.3 Spellcasting
 + Level 10.9 Conjurations
 + Level 9.3 Hexes
 - Level 7.0 Translocations
 + Level 3.9 Transmutations
 - Level 6.0 Air Magic
 - Level 5.0 Poison Magic
 - Level 3.0 Evocations


You had 11 spell levels left.
You knew the following spells:

 Your Spells              Type           Power      Damage    Failure   Level
a - Magic Dart            Conj           100%       1d8       1%          1
b - Searing Ray           Conj           100%       2d8       1%          2
c - Iskenderun's Mystic   Conj/Tloc      88%        2d17      1%          4
d - Fulminant Prism       Conj/Hex       46%        3d21      1%          4
e - Poisonous Vapours     Pois/Air       100%       N/A       1%          2
f - Irradiate             Conj/Tmut      40%        3d27      3%          5

Your spell library contained the following spells:

 Spells                   Type           Power      Damage    Failure   Level
 Beastly Appendage        Tmut           86%        N/A       1%          1
 Shock                    Conj/Air       100%       1d9       1%          1
 Corpse Rot               Necr/Air       72%        N/A       1%          2
 Wereblood                Tmut           43%        N/A       1%          2
 Confusing Touch          Hex            70%        N/A       1%          3
 Dazzling Flash           Conj/Hex       100%       N/A       1%          3
 Gell's Gravitas          Tloc           60%        N/A       1%          3
 Spider Form              Tmut/Pois      47%        N/A       1%          3
 Swiftness                Air            55%        N/A       1%          3
 Teleport Other           Tloc           60%        N/A       1%          3
 Airstrike                Air            27%        N/A       2%          4
 Leda's Liquefaction      Hex/Erth       24%        N/A       4%          4
 Yara's Violent Unravell  Hex/Tmut       29%        3d12      4%          5
 Summon Lightning Spire   Summ/Air       36%        N/A       8%          4
 Ozocubu's Armour         Ice            15%        N/A       9%          3
 Ice Form                 Ice/Tmut       29%        N/A       12%         4
 Blade Hands              Tmut           21%        N/A       16%         5
 Dispersal                Tloc           30%        N/A       24%         6
 Enfeeble                 Hex            35%        N/A       45%         7
 Lee's Rapid Deconstruct  Erth           7%         3d8*      58%         5
 Statue Form              Tmut/Erth      19%        N/A       88%         6
 Storm Form               Tmut/Air       25%        N/A       97%         7
 Dragon Form              Tmut           21%        N/A       99%         7
 Ozocubu's Refrigeration  Ice            7%         4d6       100%        7
 Maxwell's Capacitive Co  Air            27%        ∞         100%        8


Dungeon Overview and Level Annotations

Branches:
Dungeon (14/15)            Temple (0/1) D:6            Lair (6/6) D:8
  Swamp (0/4) Lair:4       Spider (0/4) Lair:4        Slime (0/5) Lair:6
    Orc (0/2) D:11         Vaults (0/5) D:13        Gauntlet (visited)

Shops:
D:3 !*


Innate Abilities, Weirdness & Mutations

You have an increased reservoir of magic. (+10% MP)
You shall have no god before yourself.
Your divine heritage dramatically boosts your attributes as you level up.


Message History

Confirm with . or Enter, or press ? or * to list all spells.
Aiming: Fulminant Prism (safe; 1% risk of failure)
Press: ? - help, Dir - move target You feel a surge of power!
You conjure a prism of explosive energy!
A fulminant prism comes into view.
The centaur warrior hits you!
* * * LOW HITPOINT WARNING * * *
The centaur warrior kicks you but does no damage.
The centaur warrior hits you.
* * * LOW HITPOINT WARNING * * *
The centaur warrior kicks you but does no damage.
Casting: Fulminant Prism (safe; 1% risk of failure)
Confirm with . or Enter, or press ? or * to list all spells.
You feel a surge of power!
You erupt in a blast of force!
The mystic blast hits the centaur warrior.
The centaur warrior is lightly wounded.
The centaur warrior is knocked back by the mystic blast.
The centaur warrior wields a +3 longbow.
The centaur warrior shoots an arrow.
The arrow hits you!!
* * * LOW HITPOINT WARNING * * *
Your fulminant prism crackles loudly.
The centaur warrior unwields a +3 longbow.
The centaur warrior hits you but does no damage.
The centaur warrior kicks you but does no damage.
Your fulminant prism explodes!
The blast of energy engulfs the centaur warrior!!
The centaur warrior is heavily wounded.
The blast of energy engulfs you!!!
* * * LOW HITPOINT WARNING * * *
Unknown command.
Casting: Iskenderun's Mystic Blast (mildly dangerous; 1% risk of failure)
Confirm with . or Enter, or press ? or * to list all spells.
You feel a surge of power!
You erupt in a blast of force!
The mystic blast hits the centaur warrior!
The centaur warrior is severely wounded.
The centaur warrior is knocked back by the mystic blast.
The centaur warrior wields a +3 longbow.
The centaur warrior shoots an arrow.
The arrow hits you!!
You die...

### #..# ... ##.####..#
... #........# #.#
##.####.## #.# #.# #.#
#.# #.# #.> #.#######.#
#.# #### #..(..*.C.#
##.###########..########
#.#..<..@.c.:...#
##.###########.## ###
#... #####


You could see a centaur warrior.

Vanquished Creatures
  Frances (D:13)
  A minotaur (Gauntlet)
  Harold (D:10)
  7 vault guards (D:13)
  12 hydras
  3 boulder beetles
  Erolcha (D:12)
  A catoblepas (Lair:5)
  3 two-headed ogres
  A death scarab (Gauntlet)
  3 death yaks
  Urug (Lair:1)
  A fire crab (Lair:6)
  Pikel (D:9)
  A lindwurm (Lair:6)
  A cyclops (D:14)
  A will-o-the-wisp (Lair:4)
  2 ugly things (D:13)
  19 elephants
  Joseph (D:10)
  An apocalypse crab (Gauntlet)
  7 black mambas
  A torpor snail (Lair:6)
  11 cane toads
  3 gargoyles
  Maggie (D:9)
  3 kobold demonologists
  An unseen horror (D:10)
  2 tengu conjurers (D:13)
  5 rime drakes
  19 komodo dragons
  4 trolls
  A wind drake (shapeshifter) (D:13)
  10 polar bears
  13 blink frogs
  6 hornets (Lair:6)
  5 dream sheep
  3 centaur simulacra (Gauntlet)
  A spectral black mamba (Gauntlet)
  A shadow (D:12)
  A water elemental (D:12)
  5 wyverns
  A wraith (D:12)
  2 basilisks
  13 spriggans (Lair:6)
  36 yaks
  4 vampire mosquitoes (D:13)
  Menkaure (D:4)
  An acid dragon (D:11)
  11 water moccasins
  9 necrophages
  7 orc warriors
  7 black bears
  2 ogres (D:6)
  3 boggarts (Lair:6)
  15 centaurs
  34 wolves
  2 phantoms
  2 lemures (D:9)
  16 bullfrogs
  A wyvern zombie (D:8)
  A gnoll sergeant (D:7)
  A cane toad simulacrum (Gauntlet)
  3 scorpions
  2 water moccasin zombies
  6 killer bees
  5 wights (D:7)
  A howler monkey (D:4)
  5 electric eels
  7 centaur zombies
  5 hounds
  A centaur skeleton (D:6)
  A gnoll shaman (D:8)
  11 orc priests
  Crazy Yiuf (D:2)
  2 iguanas
  10 orc wizards
  A killer bee zombie (D:7)
  2 mummies (D:7)
  Robin (D:2)
  2 howler monkey zombies
  18 gnolls
  6 adders
  A howler monkey skeleton (D:7)
  13 white imps
  2 worms
  2 dart slugs
  43 orcs
  7 ball pythons
  7 bats
  5 endoplasms
  2 giant cockroaches
  17 goblins
  11 hobgoblins
  7 jackals (D:1)
  9 kobolds
  8 quokkas
  2 frilled lizards (D:2)
  A quokka skeleton (D:4)
  3 rats (D:2)
565 creatures vanquished.

Vanquished Creatures (others)
  A meliai simulacrum (D:14)
  A wolf (Lair:1)
  An orc wizard (D:4)
  2 foxfires (Lair:4)
  359 fulminant prisms
  75 fungi
  219 plants
  36 withered plants
694 creatures vanquished.

Grand Total: 1259 creatures vanquished

Notes
Turn   | Place    | Note
-------+----------+-------------------------------------------
     0 | D:1      | pkoi the Demigod Conjurer began the quest for the Orb.
     0 | D:1      | Reached XP level 1. HP: 14/14 MP: 5/5
   300 | D:1      | You fall into a shaft and drop 1 floor!
   375 | D:1      | Reached skill level 4 in Conjurations
   459 | D:1      | Reached XP level 2. HP: 20/20 MP: 0/7
  1444 | D:1      | Reached XP level 3. HP: 13/26 MP: 8/8
  1801 | D:1      | Learned a level 2 spell: Searing Ray
  2414 | D:2      | Reached XP level 4. HP: 34/34 MP: 1/9
  2869 | D:2      | Noticed Robin
  2873 | D:2      | Killed Robin
  2874 | D:2      | Reached skill level 5 in Conjurations
  2885 | D:2      | Reached skill level 1 in Armour
  3151 | D:2      | Reached skill level 1 in Fighting
  3770 | D:2      | Found a runed translucent door.
  3771 | D:2      | Noticed Crazy Yiuf
  3962 | D:2      | Killed Crazy Yiuf
  3963 | D:2      | Reached XP level 5. HP: 10/40 MP: 2/10
  4955 | D:3      | Found Tyobuw's Distillery.
  4962 | D:3      | Found Aciovasch's General Store.
  4963 | D:3      | Bought a potion of heal wounds for 50 gold pieces
  5025 | D:3      | Learned a level 4 spell: Iskenderun's Mystic Blast
  5482 | D:4      | Noticed a necrophage
  5490 | D:4      | Killed a necrophage
  5491 | D:4      | Reached XP level 6. HP: 24/48 MP: 2/11
  5798 | D:4      | Noticed Menkaure
  5818 | D:4      | Reached skill level 1 in Translocations
  5818 | D:4      | Reached skill level 1 in Evocations
  5821 | D:4      | Killed Menkaure
  5822 | D:4      | Reached skill level 6 in Conjurations
  5833 | D:4      | HP: 2/48 [orc priest/divine providence (14)]
  6389 | D:4      | Reached XP level 7. HP: 54/55 MP: 7/12
  7688 | D:5      | Entered Level 5 of the Dungeon
  9672 | D:4      | Reached skill level 7 in Conjurations
 10234 | D:5      | Reached XP level 8. HP: 53/61 MP: 1/14
 11177 | D:6      | Reached skill level 5 in Dodging
 11177 | D:6      | Reached skill level 8 in Conjurations
 11177 | D:6      | Reached XP level 9. HP: 72/72 MP: 14/19
 11207 | D:5      | Identified a scroll of acquirement
 11207 | D:5      | Acquired a staff of conjuration
 11766 | D:6      | Learned a level 4 spell: Fulminant Prism
 11769 | D:6      | Learned a level 2 spell: Poisonous Vapours
 12463 | D:6      | Found a staircase to the Ecumenical Temple.
 13586 | D:7      | Reached skill level 1 in Hexes
 13746 | D:7      | Reached skill level 1 in Air Magic
 13942 | D:7      | Reached skill level 5 in Armour
 13942 | D:7      | Reached skill level 1 in Poison Magic
 14509 | D:7      | Reached skill level 9 in Conjurations
 15064 | D:7      | Reached skill level 5 in Fighting
 15178 | D:7      | Reached XP level 10. HP: 81/81 MP: 13/21
 17493 | D:8      | Found a staircase to the Lair.
 17747 | D:8      | Reached skill level 5 in Spellcasting
 18907 | D:9      | Noticed Pikel
 18916 | D:9      | Killed Pikel
 19174 | D:9      | Noticed Maggie
 19183 | D:9      | Noticed a two-headed ogre
 19215 | D:9      | Killed a two-headed ogre
 19445 | D:9      | Killed Maggie
 20954 | Lair:1   | Entered Level 1 of the Lair of Beasts
 20987 | Lair:1   | Noticed a five-headed hydra
 20994 | Lair:1   | Killed a five-headed hydra
 21111 | Lair:1   | Reached XP level 11. HP: 89/89 MP: 23/23
 21565 | Lair:1   | Noticed a five-headed hydra
 21584 | Lair:1   | Killed a five-headed hydra
 21987 | Lair:1   | Noticed Urug
 21999 | Lair:1   | Killed Urug
 23443 | Lair:2   | Noticed a four-headed hydra
 23453 | Lair:2   | Killed a four-headed hydra
 23764 | Lair:2   | Noticed a seven-headed hydra
 23780 | Lair:2   | Killed a seven-headed hydra
 24538 | Lair:3   | Reached skill level 5 in Hexes
 24538 | Lair:3   | Reached skill level 5 in Air Magic
 24789 | Lair:3   | Noticed a seven-headed hydra
 24797 | Lair:3   | Reached XP level 12. HP: 82/96 MP: 10/25
 24797 | Lair:3   | Killed a seven-headed hydra
 24913 | Lair:3   | Found a gate leading to a gauntlet.
 24921 | Gauntlet | Entered a Gauntlet
 24921 | Gauntlet | Found a transporter.
 24921 | Gauntlet | Found a transporter.
 24921 | Gauntlet | Found a transporter.
 24947 | Gauntlet | Found a transporter.
 24959 | Gauntlet | Found a transporter.
 24961 | Gauntlet | Found a transporter.
 24973 | Gauntlet | Found a transporter.
 24992 | Gauntlet | Found a transporter.
 25011 | Gauntlet | Found a transporter.
 25013 | Gauntlet | Found a transporter.
 25023 | Gauntlet | Found a transporter.
 25027 | Gauntlet | Found a transporter.
 25539 | Gauntlet | Identified the +10 double sword of Slime {vorpal, rF++
                  | Str+7}
 25580 | Gauntlet | Noticed a minotaur
 25597 | Gauntlet | Killed a minotaur
 25598 | Gauntlet | Reached skill level 1 in Long Blades
 27010 | Lair:3   | Noticed a five-headed hydra
 27015 | Lair:3   | Killed a five-headed hydra
 28535 | Lair:4   | Found a staircase to the Swamp.
 28611 | Lair:4   | Found a hole to the Spider Nest.
 29304 | Lair:4   | Reached XP level 13. HP: 102/102 MP: 25/27
 29537 | Lair:4   | Got the Grimoire of Poison and Moulding
 29932 | Lair:5   | You fall into a shaft and drop 1 floor!
 29932 | Lair:6   | Entered Level 6 of the Lair of Beasts
 30692 | Lair:5   | Reached skill level 5 in Long Blades
 32218 | Lair:6   | Reached skill level 5 in Poison Magic
 33187 | Lair:6   | Reached skill level 10 in Conjurations
 34260 | Lair:5   | Learned a level 5 spell: Irradiate
 34840 | Lair:6   | Reached skill level 1 in Transmutations
 35834 | Lair:6   | Reached XP level 14. HP: 110/110 MP: 19/29
 36477 | Lair:6   | Found a staircase to the Slime Pits.
 37030 | Lair:6   | Identified the +3 robe of Lugonu's Condemnation {+Blink
                  | Will+ rCorr Stlth+}
 37598 | D:10     | Entered Level 10 of the Dungeon
 38259 | D:10     | Noticed Joseph
 38271 | D:10     | Killed Joseph
 38528 | D:10     | Noticed Harold
 38537 | D:10     | Killed Harold
 39368 | D:11     | Identified the +12 short sword "Fiozy" {pain, rElec rC+}
 39846 | D:11     | Found a staircase to the Orcish Mines.
 41363 | D:12     | Noticed Erolcha
 41371 | D:12     | Killed Erolcha
 43147 | D:13     | Noticed Frances
 43163 | D:13     | Killed Frances
 43576 | D:13     | Found a gate to the Vaults.
 44367 | D:14     | Shot with an arrow by a centaur warrior

Illustrated notes

Levels and vault maps discovered:
D:1:      sevenhm_arrival_forest_fort_small_3, layout_basic,
          basic_ecumenical_altar, minmay_misc_feat_alley, chequers_mini_garden
D:2:      layout_basic, uniq_crazy_yiuf_cottage, uniq_robin
D:3:      layout_basic, ashenzari_altar_1, serial_shops, shop_coins,
          nicolae_shop_hallway_stairs
D:4:      layout_basic, uniq_menkaure
D:5:      layout_layer_cave
D:6:      layout_loops_ring, elyvilon_altar_1,
          mainiacjoe_overflow_concentric_impassable,
          minmay_temple_entry_statues_fountains, nicolae_sextant
D:7:      layout_loops_corners, okawaru_ov_weapons_minmay, old_standard_altar,
          serial_undead, serial_undead_b, serial_undead_f, serial_undead_a,
          serial_undead_e, serial_undead_b, serial_undead_f, serial_undead_b,
          serial_undead_f, serial_undead_f, serial_undead_d, centaur_isle
D:8:      layout_gridville, lair_entry_dummy, hangedman_abyss_or_decor_slice
D:9:      layout_long_grid, grunt_decor_arrowhead, minivault_24, minivault_27,
          uniq_pikel, uniq_maggie
D:10:     layout_gridville, uniq_joseph, uniq_harold
D:11:     layout_rooms, david_orc_2
D:12:     layout_roguey, serial_bayou, serial_bayou_pond_e,
          serial_bayou_lagoon_b, serial_bayou_lagoon_a, serial_bayou_pond_c,
          uniq_erolcha
D:13:     layout_irregular_city, erik_vaults_2, fiery_altar_vehumet,
          uniq_frances
D:14:     minmay_crescents, layout_loops_ring, nzn_wu_jian_council_hall
Lair:1:   layout_misc_corridors, serial_bayou_shore_b, uniq_urug
Lair:2:   layout_misc_corridors, basic_altar, infiniplex_staircase_pool,
          lemuel_fruit_fields
Lair:3:   layout_cave_pods, gauntlet_entry_generic, serial_bayou_shore_b,
          serial_bayou_shore_b
Lair:4:   layout_concentric_octagons, minmay_swamp_entry_wisps,
          dummy_spider_entry, cheibrodos_lair_lostbears
Lair:5:   layout_loops_ring, serial_bayou, serial_bayou_shore_b,
          serial_bayou_shore_a, serial_bayou_ford_a, serial_bayou_crossing,
          eino_small_chamber_without_monster, serial_bayou_pond_c
Lair:6:   minmay_lair_end_enchanted_forest, layout_regular_city, slime_altar_1,
          portal_ice_cave_entry_imps, nicolae_quartered_pool_impasse,
          hibernation_bobbens

Skill      XL: |  1  2  3  4  5  6  7  8  9 10 11 12 13 14 |
---------------+-------------------------------------------+-----
Conjurations   | 4 5 6 7 8 9 10 | 10.9
Dodging        | 2 3 5 6 7 9 |  9.0
Armour         | 1 2 4 5 6 |  6.0
Fighting       | 1 2 4 5 6 7 |  7.3
Translocations | 1 4 6 7 |  7.0
Evocations     | 1 3 |  3.0
Spellcasting   | 4 5 6 7 8 |  8.3
Hexes          | 1 2 5 7 8 9 |  9.3
Air Magic      | 1 2 5 6 |  6.0
Poison Magic   | 1 3 4 5 |  5.0
Stealth        | 3 |  3.0
Long Blades    | 4 7 9 |  9.2
Transmutations | 1 3 |  3.9

Action                   |  1- 3 |  4- 6 |  7- 9 | 10-12 | 13-15 || total
-------------------------+-------+-------+-------+-------+-------++-------
Melee: Dagger            |    12 |       |       |       |       ||    12
       Whip              |       |    15 |     4 |       |       ||    19
       Staff             |       |       |     3 |    15 |     9 ||    27
       Double sword      |       |       |       |     5 |    28 ||    33
       Short sword       |       |       |       |       |     8 ||     8
       Punch             |       |       |       |       |     1 ||     1
 Cast: Magic Dart        |    80 |    90 |   100 |    17 |    52 ||   339
       Searing Ray       |     1 |    14 |    38 |       |       ||    53
       Iskenderun's Myst |       |       |     5 |    99 |   157 ||   261
       Poisonous Vapours |       |       |    21 |       |    23 ||    44
       Fulminant Prism   |       |       |     7 |   146 |   206 ||   359
  Use: Scroll            |       |       |    15 |     7 |     2 ||    24
       Potion            |       |       |     1 |       |       ||     1
 Stab: Sleeping          |       |       |       |       |     1 ||     1
Armor: Robe              |     2 |     6 |    32 |     9 |       ||    49
       Steam dragon scal |       |       |       |    18 |    73 ||    91
Dodge: Dodged            |    10 |    19 |    95 |    81 |   144 ||   349
